cohdb
Replays
Latest Replays
All Replays
Popular Replays
Top Player Replays
Match Explorer
How It Works
Community
CoH3 Stats
Reddit
Sign in to upload your games and track your stats! →
Sign in with Steam
Match 43087363
Unlisted
Match 43087363
Overview
Messages
Build Orders
End
Vickers Machine Gun Team
Construct Section Command Post
Infantry Section
Grenade Package
Infantry Section
Selects Canadian Shock Battlegroup
Selects Incendiary Munitions
Construct Platoon Command Post
Infantry Training
6-pounder Anti-tank Gun Team
Selects Attacking Spirit
Selects Attacking Spirit
Selects Canadian Shock Section
Canadian Shock Section
Unlock Bishop Self-propelled Artillery
Bishop Self-propelled Artillery
Bishop Self-propelled Artillery
Light Vehicle Training
Infantry Section
AI Takeover
usmc961
MILKA
Spijkerbroek
gUi
manchesterunited_2016
Cagiman
fred_game
Feldwebel21
0
0
Comments
sign in to comment!
No comments posted yet!